 Dungeon Crawl Stone Soup version 0.24.0-2-g5b39cebb1c (webtiles) character file.

Game seed: 15201713485182148596, levelgen mode: deterministic

26 Sphyrna the Digger (level 3, 20/20 HPs)
             Began as a Gargoyle Earth Elementalist on Oct 29, 2019.
             Was a Follower of Kikubaaqudgha.
             Got out of the dungeon alive.
             The game lasted 00:07:16 (1802 turns).

Sphyrna the Digger (Gargoyle Earth Elementalist)    Turns: 1802, Time: 00:07:17

Health: 20/20      AC:  5    Str: 11    XL:     3   Next: 8%
Magic:  6/6        EV: 12    Int: 16    God:    Kikubaaqudgha [*.....]
Gold:   39         SH:  0    Dex: 10    Spells: 2/6 levels left

rFire    . . .     SeeInvis .   g - +0 dagger
rCold    . . .     Gourm    .   (no shield)
rNeg     + . .     Faith    .   c - +0 robe
rPois    ∞         Spirit   .   (no helmet)
rElec    +         Reflect  .   (no cloak)
rCorr    .         Harm     .   (no gloves)
MR       .....                  (no boots)
Stlth    ++........             (no amulet)
HPRegen  0.06/turn              (no ring)
MPRegen  0.10/turn              (no ring)

@: no status effects
A: negative energy resistance 1, electricity resistance, unbreathing,
petrification resistance, rot immunity, AC +3
a: Receive Corpses, Renounce Religion


You escaped.
You worshipped Kikubaaqudgha.
Kikubaaqudgha was aware of your devotion.
You were not hungry.

You visited 1 branch of the dungeon, and saw 2 of its levels.

You collected 39 gold pieces.

Inventory:

Hand Weapons
 g - a +0 dagger (weapon)
   (You took it off a goblin on level 1 of the Dungeon)
Missiles
 b - 48 stones (quivered)
Armour
 c - a +0 robe (worn)
Scrolls
 a - a scroll of random uselessness {unknown}
 f - a scroll of noise {unknown}
 h - 2 scrolls of identify {unknown}
 j - 2 scrolls of teleportation {unknown}
 k - a scroll of fog {unknown}
 m - a scroll of enchant weapon {unknown}
 n - a scroll of remove curse {unknown}
Potions
 d - a potion of heal wounds {unknown}
 i - a potion of curing {unknown}
 l - a potion of might {unknown}
Comestibles
 e - 2 rations {!d}


   Skills:
 + Level 1.1 Fighting
 - Level 1.5 Dodging
 - Level 2.1 Stealth
 + Level 2.3 Spellcasting
   Level 0.7 Transmutations
 * Level 4.4 Earth Magic


You had 2 spell levels left.
You knew the following spells:

 Your Spells              Type           Power        Failure   Level  Hunger
a - Sandblast             Erth           ###...       3%          1    #......
b - Stone Arrow           Conj/Erth      #.....       24%         3    ###....

Your spell library contained the following spells:

 Spells                   Type           Power        Failure   Level  Hunger
 Passwall                 Tmut/Erth      ##......     11%         2    ###....
 Animate Skeleton         Necr           N/A          21%         1    #......
 Pain                     Necr           #...         21%         1    #......
 Corpse Rot               Necr           N/A          30%         2    ###....
 Regeneration             Chrm/Necr      #.........   52%         3    ###....
 Petrify                  Tmut/Erth      ##......     56%         4    #####..
 Lee's Rapid Deconstruct  Erth           ###.......   65%         5    ######.


Dungeon Overview and Level Annotations

Branches:
Dungeon (2/15)

Altars:
Kikubaaqudgha


Innate Abilities, Weirdness & Mutations

You are resistant to torment.
Your stone body is resilient. (AC +3)
You are immune to poison.
You resist negative energy. (rN+)
You are resistant to electric shocks. (rElec)
You can survive without breathing.
You are immune to petrification.
You are immune to rotting.


Message History

a jackal skeleton; a jackal corpse You butcher the jackal corpse.
o - 4 chunks of flesh (gained 2)
Things that are here:
a jackal skeleton x2
Things that are here:
a jackal skeleton x2
h - 2 scrolls labeled VOVVAQ BUTIM (gained 1)
You now have 39 gold pieces (gained 6).
There is a staircase leading out of the dungeon here.
e - 2 rations {!d} (gained 1)
You see here 14 bolts.
You see here 4 poisoned darts.
Done exploring.
Done exploring.
There is a stone staircase leading down here.
You climb downwards.
There is a stone staircase leading up here.
A ball python comes into view.
A goblin comes into view. It is wielding a +0 club.
Found a leather armour.
You hit the ball python.
You kill the ball python!
The helpless goblin fails to defend itself.
You puncture the goblin!
You kill the goblin!
Found a faded altar of an unknown god.
There is a faded altar of an unknown god here.
You cannot tell which god this altar belongs to.
Convert to them anyway?
Uppercase [Y]es or [N]o only, please.
You cannot tell which god this altar belongs to.
Convert to them anyway?
Kikubaaqudgha accepts your prayer! Kikubaaqudgha welcomes you!
You can now receive cadavers from Kikubaaqudgha.
You see here Kikubaaqudgha's Guide on Sinister Rituals.
Kikubaaqudgha grants you a gift!
You pick up Kikubaaqudgha's Guide on Sinister Rituals and begin reading...
You add the spells Animate Skeleton, Pain, Corpse Rot and Regeneration to your library.
There is an ancient bone altar of Kikubaaqudgha here.
(D) Dungeon
Where to? (Enter - D:1 @ (x,y), ? - help)
What level of the Dungeon? (default 1, ? - help) All of the chunks of flesh in your inventory have rotted away.
There is a stone staircase leading up here.
You climb upwards.
There is a stone staircase leading down here.
You see here 4 poisoned darts.
There is a staircase leading out of the dungeon here.
Are you sure you want to leave the Dungeon?
This will make you lose the game!
You have escaped!

####### #.#(##.##.# ####.##.#
###### #......##.###.......###
.....######.#####.............#
####.##...............#.....#.#
####.#.......#.....#(.#.##..#.###
#..........[.#.....#..#.##.....÷.
#............#.....#...>....#.###
.....#.......#....(#..#.#####.#
#.####.##.#..#..@..#..#.......#
.#..##.##....#.....#..#########
#.#.##.####..#.....#...##
.....#.####..#.....#....##
#......##....#.....#.....#
###..####...............## #....#
#.....##.###...## #.##.#
#........# ##.## #.##.#
#.....#### #.#


There were no monsters in sight!

Vanquished Creatures
  A dart slug (D:1)
  A leopard gecko (D:1)
  2 bats (D:1)
  6 jackals (D:1)
  A ball python (D:2)
  2 frilled lizards (D:1)
  6 goblins
  A kobold (D:1)
  3 rats (D:1)
23 creatures vanquished.

Notes
Turn   | Place    | Note
-------+----------+-------------------------------------------
     0 | D:1      | Sphyrna the Gargoyle Earth Elementalist began the quest for
                  | the Orb.
     0 | D:1      | Reached XP level 1. HP: 10/10 MP: 3/3
   614 | D:1      | Reached XP level 2. HP: 7/16 MP: 3/5
   616 | D:1      | Reached skill level 4 in Earth Magic
  1183 | D:1      | Reached skill level 1 in Fighting
  1550 | D:1      | Reached XP level 3. HP: 10/20 MP: 4/6
  1555 | D:1      | Learned a level 3 spell: Stone Arrow
  1766 | D:2      | Found a faded altar of an unknown god.
  1771 | D:2      | Became a worshipper of Kikubaaqudgha
  1771 | D:2      | Reached * piety under Kikubaaqudgha
  1771 | D:2      | Identified Kikubaaqudgha's Guide on Sinister Rituals
                  | (Kikubaaqudgha gifted it to you on level 2 of the Dungeon)
  1771 | D:2      | Received a gift from Kikubaaqudgha
  1802 | D:$      | Got out of the dungeon alive.

Levels and vault maps discovered:
D:1:      minmay_arrival_semitransparent, layout_loops_cross
D:2:      layout_basic, chequers_ecumenical_altar_lobes, first_ration,
          minivault_23

Skill      XL: |  1  2 |
---------------+-------+-----
Earth Magic    | 4 |  4.4
Fighting       | 1 |  1.1
Dodging        | |  1.5
Stealth        | |  2.1
Spellcasting   | |  2.3
Transmutations | |  0.7

Action                   || total
-------------------------++-------
Melee: Unarmed           ||    74
       Dagger            ||    64
 Cast: Sandblast         ||     6
 Stab: Sleeping          ||     2
  Eat: Chunk             ||     3
Armor: Robe              ||    52
Dodge: Dodged            ||    89
